 Dungeon Crawl Stone Soup version 0.23.2-40-g277498a001 (webtiles) character file.

Game seed: 6862013113022487861

201 Amplified the Charmwright (level 5, -1/40 HPs)
             Began as a Demonspawn Skald on Oct 5, 2019.
             Killed by divine providence
             ... invoked by an orc priest
              (14 damage)
             ... on level 3 of the Dungeon.
             The game lasted 00:04:45 (2352 turns).

Amplified the Charmwright (Demonspawn Skald)        Turns: 2352, Time: 00:04:46

Health: -1/40      AC:  5    Str: 12    XL:     5   Next: 50%
Magic:  9/9        EV: 10    Int: 15    God:
Gold:   75         SH:  8    Dex: 12    Spells: 3/9 levels left

rFire    . . .     SeeInvis .   i - +0 trident
rCold    . . .     Gourm    .   g - +0 buckler
rNeg     . . .     Faith    .   e - +0 ring mail
rPois    .         Spirit   .   (no helmet)
rElec    .         Reflect  +   (no cloak)
rCorr    .         Harm     .   (no gloves)
MR       .....                  (no boots)
Stlth    +.........             c - +5 amulet of reflection
HPRegen  0.13/turn              (no ring)
MPRegen  0.11/turn              (no ring)

@: no status effects
A: mutation resistance 1, spiny 2
a: no special abilities


You were on level 3 of the Dungeon.
You were hungry.

You visited 1 branch of the dungeon, and saw 4 of its levels.

You collected 75 gold pieces.

Inventory:

Hand Weapons
 a - a +0 blowgun
 i - a +0 trident (weapon)
Missiles
 b - 13 poisoned needles
Armour
 e - a +0 ring mail (worn)
 g - a +0 buckler (worn)
Jewellery
 c - a +5 amulet of reflection (around neck)
Scrolls
 f - 2 scrolls of teleportation
 h - 2 scrolls of identify
 j - a scroll of fear {unknown}
Comestibles
 d - 2 rations


   Skills:
 * Level 2.8 Fighting
 * Level 2.5 Polearms
 * Level 2.1 Armour
 * Level 2.6 Dodging
 * Level 2.7 Spellcasting
 * Level 0.7 Hexes
 * Level 3.3 Charms


You had 3 spell levels left.
You knew the following spells:

 Your Spells              Type           Power        Failure   Level  Hunger
a - Infusion              Chrm           ##..         19%         1    #......
b - Song of Slaying       Chrm           ##......     28%         2    ##.....
c - Spectral Weapon       Hex/Chrm       #.......     69%         3    ###....

Your spell library contained the following spells:

 Spells                   Type           Power        Failure   Level  Hunger
 Shroud of Golubria       Chrm/Tloc      #.........   50%         2    ##.....
 Regeneration             Chrm/Necr      #.........   75%         3    ###....


Dungeon Overview and Level Annotations

Branches:
Dungeon (4/15)
 Temple: D:4-7

Altars:
Qazlal
Ru
Sif Muna


Innate Abilities, Weirdness & Mutations

You are mostly covered in sharp spines.
You are somewhat resistant to further mutation.


Message History

Aim: an orc priest, wielding a -3 dagger and wearing a +0 robe (moderately wounded)
You hit the orc priest.
The orc priest is severely wounded.
The orc priest mumbles some strange prayers to Beogh against you.
You barely resist.
Attack whom?
Press: ? - help, Dir - move target cursor, f/p - orc priest
Aim: an orc priest, wielding a -3 dagger and wearing a +0 robe (severely wounded)
You hit the orc priest.
The orc priest is almost dead.
The orc priest invokes the aid of Beogh against you.
Beogh smites you!
Attack whom?
Press: ? - help, Dir - move target cursor, f/p - orc priest
Aim: an orc priest, wielding a -3 dagger and wearing a +0 robe (almost dead)
You closely miss the orc priest.
The orc priest is almost dead.
The orc priest calls down the wrath of Beogh upon you.
Beogh smites you!
You die...

.................................
)####.###########..#.......######
......# ########.)#.###.#.#
.###### ...........#.# #.#†######
..### K#########.#.# #.#......(
..#.K .. #...#.# #.######## ..#.#
.# #.###.# #.# # ..#.# .# #.# #.#
#.# ## ..#.# .#####.#@# #.# <. #.
..#.####.......#o###.# #.
..#............#K....# #.
>.([.g............#### ##
...............(.... #
.#############.###.## .# (. .. .#
.#. ..# .# ..# #.#


You could see an orc priest and a kobold.

Vanquished Creatures
  An orc priest (D:3)
  2 orc wizards
  4 adders
  An ooze (D:2)
  2 worms
  A dart slug (D:1)
  2 leopard geckos
  11 orcs
  8 bats
  A giant cockroach (D:1)
  4 goblins
  12 hobgoblins
  5 kobolds
  A ball python (D:2)
  2 frilled lizards
  6 rats
63 creatures vanquished.

Notes
Turn   | Place    | Note
-------+----------+-------------------------------------------
     0 | D:1      | Amplified the Demonspawn Skald began the quest for the Orb.
     0 | D:1      | Reached XP level 1. HP: 16/16 MP: 3/3
    93 | D:1      | Reached skill level 1 in Armour
   169 | D:1      | Gained mutation: You are partially covered in sharp spines.
                  | [demonic ancestry]
   169 | D:1      | Reached XP level 2. HP: 17/22 MP: 5/5
   378 | D:1      | Learned a level 2 spell: Song of Slaying
   998 | D:2      | Gained mutation: You are mostly covered in sharp spines.
                  | [demonic ancestry]
   998 | D:2      | Reached XP level 3. HP: 24/28 MP: 6/6
  1032 | D:2      | Reached skill level 3 in Charms
  1086 | D:2      | Reached XP level 4. HP: 34/34 MP: 7/7
  1245 | D:2      | Found a sacrificial altar of Ru.
  1299 | D:2      | Gained mutation: You are somewhat resistant to further
                  | mutation. [potion of mutation]
  1503 | D:2      | Learned a level 3 spell: Spectral Weapon
  1597 | D:2      | Found a deep blue altar of Sif Muna.
  1821 | D:3      | Reached XP level 5. HP: 15/40 MP: 8/8
  2163 | D:4      | Found a stormy altar of Qazlal.
  2165 | D:4      | Noticed an air elemental
  2166 | D:4      | Noticed a water elemental
  2166 | D:4      | Noticed a fire elemental
  2352 | D:3      | Killed from afar by an orc priest

Skill      XL: |  1  2  3  4 |
---------------+-------------+-----
Armour         | 1 2 |  2.1
Dodging        | 2 |  2.6
Polearms       | 2 |  2.5
Charms         | 3 |  3.3
Fighting       | |  2.8
Spellcasting   | |  2.7
Hexes          | |  0.7

Action                   |  1- 3 |  4- 6 || total
-------------------------+-------+-------++-------
Melee: Spear             |    97 |   107 ||   204
       Trident           |       |    35 ||    35
 Cast: Song of Slaying   |       |     1 ||     1
  Use: Scroll            |     3 |     1 ||     4
       Potion            |     3 |     3 ||     6
 Stab: Sleeping          |     2 |       ||     2
  Eat: Chunk             |     1 |       ||     1
       Ration            |       |     1 ||     1
Armor: Leather armour    |    12 |     4 ||    16
       Skin              |       |    19 ||    19
       Ring mail         |       |     9 ||     9
Dodge: Dodged            |    30 |    35 ||    65
Block: Other             |    14 |     5 ||    19
       Reflection        |     1 |     6 ||     7
       Buckler           |       |    41 ||    41
